 Dungeon Crawl Stone Soup version 0.22.1-1-ga44c0e56f4 (webtiles) character file.

2878 Knicklaso the Slicer (level 10, -1/71 HPs)
             Began as a Halfling Fighter on Sept 26, 2018.
             Was a Believer of Nemelex Xobeh.
             Slain by an orc warrior
             ... wielding a +0 glaive
              (5 damage)
             ... on level 8 of the Dungeon.
             The game lasted 00:26:32 (7660 turns).

Knicklaso the Slicer (Halfling Fighter)             Turns: 7660, Time: 00:26:35

Health: -1/71      AC:  9    Str: 21    XL:     10   Next: 5%
Magic:  13/13      EV: 10    Int:  6    God:    Nemelex Xobeh [**....]
Gold:   456        SH:  8    Dex: 17    Spells: 9/9 levels left

rFire    . . .     SeeInvis .   u - +0 dagger (venom)
rCold    . . .     Gourm    +   v - +1 buckler
rNeg     . . .     Faith    .   s - +0 chain mail
rPois    .         Spirit   .   (no helmet)
rElec    .         Reflect  .   (no cloak)
rCorr    .         Harm     .   (no gloves)
MR       .....                  (no boots)
Stlth    ..........             r - amulet of the gourmand
HPRegen  0.21/turn              (no ring)
MPRegen  0.13/turn              o - +3 ring of strength

@: no status effects
A: small, mutation resistance 1
a: Renounce Religion


You were on level 8 of the Dungeon.
You worshipped Nemelex Xobeh.
Nemelex Xobeh was pleased with you.
You were full.

You visited 2 branches of the dungeon, and saw 9 of its levels.
You also visited: Sewer and Ossuary.

You collected 456 gold pieces.

Inventory:

Hand Weapons
 a - a +0 rapier
 m - a cursed -3 dagger
 u - a +0 dagger of venom (weapon)
Missiles
 h - 114 sling bullets
 i - 234 stones (quivered)
Armour
 c - a +2 chain mail of magic resistance
 s - a +0 chain mail (worn)
 v - a +1 buckler (worn)
 Q - a +0 leather armour of poison resistance
Jewellery
 o - a +3 ring of strength (right hand)
 q - an uncursed amulet of faith {unknown}
 r - an amulet of the gourmand (around neck)
 D - an uncursed amulet of harm {unknown}
 L - an uncursed amulet of harm {unknown}
 R - an uncursed ring of protection from cold {unknown}
Wands
 w - a wand of acid (9)
 K - a wand of paralysis (19)
 N - a wand of digging (6)
 S - a wand of polymorph (9)
Scrolls
 j - 9 scrolls of identify
 k - 7 scrolls of remove curse
 n - 2 scrolls of teleportation
 y - 2 scrolls of fear
 C - 2 scrolls of random uselessness {unknown}
 H - a scroll of silence {unknown}
 I - a scroll of torment {unknown}
 M - a scroll of enchant weapon {unknown}
Potions
 b - 4 potions of curing {unknown}
 d - 4 potions of might
 e - a potion of haste
 g - 3 potions of berserk rage
 l - a potion of invisibility {unknown}
 p - 4 potions of brilliance {unknown}
 t - 3 potions of degeneration {unknown}
 x - 2 potions of cancellation {unknown}
 z - 8 potions of heal wounds {unknown}
 A - a potion of ambrosia {unknown}
 B - 2 potions of mutation {unknown}
 F - 5 potions of lignification {unknown}
 G - a potion of flight {unknown}
 J - 2 potions of agility {unknown}
Miscellaneous
 E - a plain deck of destruction {drawn: 2}
 O - a plain deck of summoning {drawn: 5}
 P - a plain deck of summoning
Comestibles
 f - 15 rations


   Skills:
 + Level 7.3 Fighting
 + Level 9.5 Short Blades
 - Level 3.7 Armour
 - Level 1.3 Dodging
 - Level 0.2 Stealth
 - Level 5.6 Shields
 + Level 4.2 Invocations
 - Level 4.2 Evocations


You had 9 spell levels left.
You didn't know any spells.
Your spell library contained the following spells:

 Spells                   Type           Power        Failure   Level  Hunger
 Corona                   Hex            #......      99%         1    ##.....
 Summon Small Mammal      Summ           #...         99%         1    ##.....
 Call Imp                 Summ           #.......     100%        2    ###....
 Ensorcelled Hibernation  Hex/Ice        #.....       100%        2    ###....
 Call Canine Familiar     Summ           #.......     100%        3    ####...
 Confuse                  Hex            #.......     100%        3    ####...
 Dazzling Spray           Conj/Hex       #.....       100%        3    ####...
 Summon Guardian Golem    Hex/Summ       #.......     100%        3    ####...
 Tukima's Dance           Hex            #.......     100%        3    ####...
 Summon Ice Beast         Ice/Summ       #.......     100%        4    #####..
 Summon Lightning Spire   Summ/Air       #.......     100%        4    #####..


Dungeon Overview and Level Annotations

Branches:
Dungeon (8/15)             Temple (1/1) D:4
   Lair: D:8-11

Altars:
Ashenzari
Cheibriados
Dithmenos
Elyvilon
Fedhas
Gozag
Hepliaklqana
Kikubaaqudgha
Makhleb
Nemelex Xobeh
Qazlal
Sif Muna
Trog
Uskayaw
Vehumet
Wu Jian
Xom
Yredelemnul
Zin
The Shining One

Annotations:
D:1 exclusion: 2 downstairs
D:2 exclusions: upstairs and 1 more exclusion, Sigmund
D:7 2 transporters, lis82's ghost, novice DgAE


Innate Abilities, Weirdness & Mutations

You are small and have problems with some larger weapons.
You are somewhat resistant to further mutation.


Message History

Your ice beast barely misses the orc warrior.
Something hits your ice beast.
You completely miss the orc warrior.
The orc warrior is severely wounded.
You block the orc warrior's attack.
The orc priest mumbles some strange prayers to Beogh against you.
Beogh smites you!
* * * LOW HITPOINT WARNING * * *
You hit the yak but do no damage.
The yak looks even sicker.
The yak is almost dead.
The yak closely misses you.
Your ice beast closely misses the orc warrior.
You hit the yak.
You kill the yak!
The orc priest mumbles some strange prayers to Beogh against you.
Beogh smites you!
* * * LOW HITPOINT WARNING * * *
The orc warrior hits you with a glaive.
You die...
Your body disappears without a glow.

#...#...# #...#...#
##.# #...#...# ###...#
#.......# ...._..
#..Y....# .?.....
###....## ...l...
#....###+##+###.oJ.⌠..
#....(..†..†##oYo.....
#(......<....†@#
#..........###.#
#..........# #.#
#..........# #.#
#####......# #..
#......# ### #......#
#......# #......#


You could see an orc warrior, a jelly, an orc priest, an orc, a leopard gecko
and a friendly ice beast.

Vanquished Creatures
  2 yaks (D:8)
  An ice beast (D:7)
  2 sky beasts
  Purgy (Sewer)
  A black bear (D:5)
  A phantom (D:5)
  3 ogres
  2 big kobolds (D:7)
  2 water moccasin zombies (Ossuary)
  A scorpion (D:4)
  A howler monkey (D:4)
  A bullfrog zombie (D:6)
  A crimson imp (D:6)
  A jelly (D:2)
  6 orc wizards
  6 orc priests
  Jessica (D:3)
  Terence (D:2)
  2 worker ants (D:7)
  2 iguanas
  3 big kobold zombies (Ossuary)
  3 mummies
  A worker ant zombie (D:7)
  5 gnolls (D:6)
  8 adders
  A shadow imp (D:5)
  An ooze (D:1)
  3 adder skeletons
  3 adder zombies (Ossuary)
  2 worms
  3 dart slugs
  6 leopard geckos
  18 orcs
  11 bats
  A bat skeleton (D:2)
  A bat zombie (D:2)
  3 giant cockroaches
  2 goblins
  5 hobgoblins
  14 jackals
  16 kobolds
  4 quokkas
  3 ball pythons
  7 frilled lizards
  4 gnoll zombies (Ossuary)
  7 hobgoblin zombies (Ossuary)
  8 kobold zombies (Ossuary)
  2 leopard gecko skeletons
  4 orc zombies (Ossuary)
  A quokka skeleton (D:7)
  6 rats
194 creatures vanquished.

Vanquished Creatures (collateral kills)
  A yak (D:8)
  Duvessa (D:6)
  Dowan (D:6)
  5 wights (D:6)
  A hound (D:6)
  2 gnolls (D:6)
11 creatures vanquished.

Vanquished Creatures (others)
  A yak (D:8)
1 creature vanquished.

Grand Total: 206 creatures vanquished

Notes
Turn   | Place    | Note
-------+----------+-------------------------------------------
     0 | D:1      | Knicklaso the Halfling Fighter began the quest for the Orb.
     0 | D:1      | Reached XP level 1. HP: 15/15 MP: 1/1
    73 | D:1      | Reached XP level 2. HP: 7/20 MP: 2/2
   495 | D:1      | Reached XP level 3. HP: 20/26 MP: 3/3
   630 | D:1      | Reached skill level 3 in Short Blades
   788 | D:2      | Reached XP level 4. HP: 16/31 MP: 4/4
  1006 | D:2      | Noticed Terence
  1010 | D:2      | Reached skill level 1 in Dodging
  1026 | D:2      | Killed Terence
  1026 | D:2      | Reached skill level 4 in Short Blades
  1026 | D:2      | Reached XP level 5. HP: 27/36 MP: 5/5
  1311 | D:2      | Found a shadowy altar of Dithmenos.
  1408 | D:2      | Noticed Sigmund
  1689 | D:3      | Noticed Jessica
  1697 | D:3      | Killed Jessica
  1811 | D:3      | Found a hide-covered altar of Uskayaw.
  2190 | D:4      | Reached XP level 6. HP: 42/42 MP: 6/6
  2201 | D:4      | Reached skill level 5 in Short Blades
  2223 | D:4      | Found a staircase to the Ecumenical Temple.
  2227 | D:4      | Noticed an ogre
  2265 | D:4      | Killed an ogre
  2382 | D:4      | Reached XP level 7. HP: 24/48 MP: 7/7
  2396 | D:4      | Found a sand-covered staircase.
  2401 | D:4      | Reached skill level 5 in Shields
  2406 | Ossuary  | Entered an ossuary
  2838 | Ossuary  | Reached skill level 6 in Short Blades
  2950 | Temple   | Entered the Ecumenical Temple
  3080 | Temple   | Became a worshipper of Nemelex Xobeh the Trickster
  3341 | D:4      | Reached skill level 1 in Evocations
  3341 | D:4      | Reached XP level 8. HP: 54/54 MP: 8/8
  3346 | D:4      | Found a shadowy altar of Dithmenos.
  3381 | D:4      | Received a gift from Nemelex Xobeh
  3573 | D:5      | Entered Level 5 of the Dungeon
  3671 | D:5      | Reached skill level 5 in Fighting
  3702 | D:5      | Found a glowing drain.
  3723 | Sewer    | Entered a sewer
  3869 | Sewer    | Noticed Purgy
  3890 | Sewer    | Killed Purgy
  4182 | D:5      | Reached skill level 7 in Short Blades
  4232 | D:5      | Reached * piety under Nemelex Xobeh
  4800 | D:6      | Noticed a wyvern
  5203 | D:5      | Reached XP level 9. HP: 27/62 MP: 11/11
  5480 | D:6      | Noticed Duvessa
  5480 | D:6      | Noticed Dowan
  5491 | D:6      | Killed Dowan
  5491 | D:6      | Reached skill level 8 in Short Blades
  5497 | D:6      | Killed Duvessa
  5681 | D:6      | Received a gift from Nemelex Xobeh
  5712 | D:6      | Reached skill level 1 in Invocations
  6104 | D:7      | Reached ** piety under Nemelex Xobeh
  6111 | D:7      | Noticed lis82's ghost (novice DgAE)
  6112 | D:7      | Found a transporter.
  6112 | D:7      | Found a transporter.
  6484 | D:7      | Found an ornate altar of the Wu Jian Council.
  6747 | D:7      | Received a gift from Nemelex Xobeh
  7159 | D:7      | Reached skill level 9 in Short Blades
  7559 | D:8      | Found a radiant altar of Vehumet.
  7560 | D:8      | Found a shattered altar of Ashenzari.
  7645 | D:8      | Reached XP level 10. HP: 39/71 MP: 13/13
  7660 | D:8      | Slain by an orc warrior

Skill      XL: |  1  2  3  4  5  6  7  8  9 |
---------------+----------------------------+-----
Fighting       | 3 4 5 7 |  7.3
Short Blades   | 3 4 5 6 7 9 |  9.5
Dodging        | 1 |  1.3
Shields        | 4 5 |  5.6
Evocations     | 1 3 4 |  4.2
Invocations    | 4 |  4.2
Armour         | |  3.7
Stealth        | |  0.2

Action                   |  1- 3 |  4- 6 |  7- 9 | 10-12 || total
-------------------------+-------+-------+-------+-------++-------
Melee: Rapier            |    99 |   169 |   449 |       ||   717
       Dagger            |       |       |   323 |    12 ||   335
Throw: Stone             |       |       |    13 |       ||    13
Evoke: Wand              |       |       |     1 |       ||     1
       Deck              |       |       |     7 |       ||     7
  Use: Scroll            |       |     4 |     7 |       ||    11
 Stab: Paralysed         |       |       |     2 |       ||     2
       Distracted        |       |       |     1 |       ||     1
  Eat: Chunk             |       |    14 |    16 |       ||    30
Armor: Scale mail        |    36 |    13 |       |       ||    49
       Chain mail        |       |    71 |   217 |     2 ||   290
Dodge: Dodged            |    38 |    79 |   191 |     1 ||   309
Block: Shield            |    62 |   115 |   108 |       ||   285
       Buckler           |       |       |   123 |     4 ||   127
